 Dungeon Crawl Stone Soup version 0.29.1-1-gd02db6906a (webtiles) character file.

Game seed: 3266851391673808926

52 hikkokomori the Chiller (level 3, -2/28 HPs)
             Began as a Merfolk Ice Elementalist on Oct 6, 2022.
             Slain by a goblin
             ... wielding a +0 dagger
             ... led by Robin
              (3 damage)
             ... on level 3 of the Dungeon.
             The game lasted 00:02:38 (1980 turns).

hikkokomori the Chiller (Merfolk Ice Elementalist)  Turns: 1980, Time: 00:02:39

Health: -2/28      AC:  3    Str: 10    XL:     3   Next: 85%
Magic:  6/6        EV: 12    Int: 14    God:
Gold:   37         SH:  0    Dex: 14    Spells: 5/6 levels left

rFire   . . .      SeeInvis .   d - +0 short sword
rCold   . . .      Faith    .   (no shield)
rNeg    . . .      Spirit   .   a - +0 robe
rPois   .          Reflect  .   (no helmet)
rElec   .          Harm     .   j - +0 cloak
rCorr   .          Rampage  .   (no gloves)
Will    .....                   (no boots)
Stlth   ++........              (no amulet)
HPRegen 0.09/turn               (no ring)
MPRegen 0.10/turn               (no ring)

@: no status effects
A: (nimble swimmer 2), mertail
a: no special abilities


You were on level 3 of the Dungeon.
You visited 1 branch of the dungeon, and saw 3 of its levels.

You collected 37 gold pieces.

Inventory:

Hand Weapons
 d - a +0 short sword (weapon)
Armour
 a - a +0 robe (worn)
 j - a +0 cloak (worn)
Scrolls
 c - a scroll of noise {unknown}
 f - 2 scrolls of identify {unknown}
Potions
 b - a potion of magic
 e - a potion of degeneration {unknown}
 g - a potion of berserk rage {unknown}
 h - a potion of heal wounds {unknown}
 i - 2 potions of curing


   Skills:
 + Level 2.4 Fighting
 - Level 2.6 Dodging
 - Level 2.1 Stealth
 - Level 2.0 Spellcasting
 + Level 5.2 Ice Magic


You had 5 spell levels left.
You knew the following spells:

 Your Spells              Type           Power      Damage    Failure   Level
a - Freeze                Ice            64%        1d8       2%          1

Your spell library contained the following spells:

 Spells                   Type           Power      Damage    Failure   Level
 Frozen Ramparts          Ice            32%        1d5       9%          3
 Ozocubu's Armour         Ice            16%        N/A       9%          3
 Hailstorm                Conj/Ice       8%         3d4       63%         4


Dungeon Overview and Level Annotations

Branches:
Dungeon (3/15)

Altars:

Annotations:
D:3 Robin


Innate Abilities, Weirdness & Mutations

((You are very nimble when in or above water. (Stealth+, EV+, Speed+++)))
Your lower body shifts to a powerful aquatic tail in water.


Message History

The goblin shouts!
The goblin hits you but does no damage. Robin throws the goblin at you!
The goblin moves out of view.
The goblin attacks as you move away! The goblin hits you with a +0 dagger.
The goblin attacks as you move away! The goblin hits you but does no damage.
The goblin attacks as you move away! The goblin hits you with a +0 dagger.
Robin throws the goblin at you!
The hobgoblin shouts!
You hit the goblin but do no damage. The goblin barely misses you.
The goblin hits you with a +0 dagger. x2
The goblin shouts!
You hit the goblin.
The goblin is severely wounded.
The goblin misses you.
The goblin hits you with a +0 dagger. x2
The goblin misses you. The hobgoblin completely misses you.
The goblin hits you but does no damage.
Unknown command.
You hit the goblin.
You kill the goblin!
The goblin closely misses you. The goblin barely misses you.
The hobgoblin barely misses you. The goblin hits you but does no damage.
The goblin misses you.
Unknown command.
The goblin attacks as you move away! The goblin barely misses you. x2
The goblin hits you with a +0 dagger.
You see here a +0 dagger.
Unknown command.
The goblin attacks as you move away! The goblin hits you with a +0 club.
Unknown command.
The goblin attacks as you move away! The goblin misses you.
Robin throws the goblin at you!
Unknown command.
You hit the goblin.
The goblin is heavily wounded.
The goblin hits you with a +0 club.
* * * LOW HITPOINT WARNING * * *
The goblin hits you with a +0 dagger.
* * * LOW HITPOINT WARNING * * *
The goblin hits you with a +0 dagger.
You die...

###.. ...#...
#...g.... ###...#...#
#.....>..>#
#g#...#..#
##########g..<....##
......g@ggg.g.......
.##..###gg.......#
#.#
##........#g........#
#.# #..#
##..........## ##..
..# .##....#...###
...# ##.#
#.#............
...###..#
#.#...####.#### .....
..# #.#.........#
...####.#
#.#.........#


You could see Robin, 2 hobgoblins and 6 goblins.

Vanquished Creatures
  2 adders (D:3)
  A dart slug (D:1)
  4 endoplasms
  2 giant cockroaches (D:2)
  3 goblins
  5 hobgoblins
  A quokka (D:1)
  5 ball pythons
  3 kobolds (D:1)
  4 rats (D:1)
30 creatures vanquished.

Notes
Turn   | Place    | Note
-------+----------+-------------------------------------------
     0 | D:1      | hikkokomori the Merfolk Ice Elementalist began the quest
                  | for the Orb.
     0 | D:1      | Reached XP level 1. HP: 13/13 MP: 3/3
   633 | D:1      | Reached skill level 1 in Fighting
   640 | D:1      | Reached XP level 2. HP: 17/21 MP: 0/5
  1165 | D:1      | Reached XP level 3. HP: 27/27 MP: 6/6
  1661 | D:2      | Reached skill level 5 in Ice Magic
  1739 | D:2      | Noticed an ogre
  1970 | D:3      | Noticed Robin
  1980 | D:3      | HP: 1/28 [goblin/+0 dagger[Robin] (5)]
  1980 | D:3      | Slain by a goblin

Illustrated notes

Levels and vault maps discovered:
D:1:      doesnt_arrival_eight_statues, layout_loops_ring
D:2:      layout_rooms, serial_glass, glass_columns_a, glass_columns_a,
          shapermc_ecumenical_altar_starsandcircs
D:3:      layout_loops_ring, chei_slow_surprise, minmay_rat_hole, uniq_robin

Skill      XL: |  1  2  3 |
---------------+----------+-----
Fighting       | 1 2 |  2.4
Ice Magic      | 5 |  5.2
Dodging        | |  2.6
Stealth        | |  2.1
Spellcasting   | |  2.0

Action                   || total
-------------------------++-------
Melee: Unarmed           ||    23
       Short sword       ||    52
       Punch             ||     1
 Cast: Freeze            ||    22
  Use: Potion            ||     1
 Stab: Sleeping          ||     3
Armor: Robe              ||    20
Dodge: Dodged            ||    62
